 Dungeon Crawl Stone Soup version 0.29.1-2-gbd0b4ee654 (webtiles) character file.

Game seed: 2409604819334669103

22880 Icepheonix32 the Protected (level 12, -1/113 HPs)
             Began as a Minotaur Fighter on Oct 24, 2022.
             Was a High Priest of Okawaru.
             Killed from afar by an orc sorcerer (22 damage)
             ... with a bolt of fire
             ... on level 1 of the Orcish Mines.
             The game lasted 00:32:50 (16526 turns).

Icepheonix32 the Protected (Minotaur Fighter)      Turns: 16526, Time: 00:32:51

Health: -1/113     AC: 51    Str: 28    XL:     12   Next: 66%
Magic:  5/13       EV: 13    Int:  7    God:    Okawaru [*****.]
Gold:   683        SH:  0    Dex: 12    Spells: 11/11 levels left

rFire   x . .      SeeInvis .   k - +7 staff of the Meek {protect, meekguard}
rCold   x x .      Faith    .   (shield currently unavailable)
rNeg    . . .      Spirit   .   Q - +4 chain mail {rF+}
rPois   +          Reflect  .   (helmet restricted)
rElec   .          Harm     .   M - scarf {shadows}
rCorr   .          Rampage  .   h - +1 pair of gloves {infuse}
Will    .....      Rnd*Tele +   q - +0 pair of boots
Stlth   ..........              f - amulet of Elemental Vulnerability {rPois rF-- rC-- AC+8}
HPRegen 0.28/turn               E - +4 ring of protection
MPRegen 0.13/turn               D - +6 ring of strength

@: mighty, heroic, under a protective aura, studying Evocations
A: horns 2, retaliatory headbutt, iridescent scales 1, screaming 1, teleportitis
1
a: Renounce Religion, Heroism, Finesse, Duel


You were on level 1 of the Orcish Mines.
You worshipped Okawaru.
Okawaru was extremely pleased with you.
You visited 3 branches of the dungeon, and saw 14 of its levels.
You also visited: Sewer and Bailey.

You collected 1415 gold pieces.
You spent 732 gold pieces at shops.

Inventory:

Hand Weapons
 g - a +3 trident of flaming
 k - the +7 staff of the Meek (weapon) {protect, meekguard}
   (You found it on level 11 of the Dungeon)

   It grants its wielder temporary protection when it strikes (+7 to AC).
   It provides extra protection to wielders with little health.
 r - a +4 shortbow of flaming
 v - a +2 spectral quarterstaff
 y - a +3 long sword of holy wrath
 H - a +3 long sword
 J - a +5 short sword
 N - a +4 spear
 R - the +6 hand axe of Ignis's Displeasure {vorpal, Fly rF+ rN+ Str-2}
   (You found it on level 9 of the Dungeon)

   It inflicts extra damage upon your enemies.
   Str:       It affects your strength (-2).
   rF:        It protects you from fire.
   rN:        It protects you from negative energy.
   Fly:       It grants you flight.
Missiles
 F - 6 javelins (quivered)
 P - 21 poisoned darts
Armour
 h - a +1 pair of gloves of infusion (worn)
 q - a +0 pair of boots (worn)
 M - a scarf of shadows (worn)
 Q - a +4 chain mail of fire resistance (worn)
 Y - a +0 cloak
 Z - +0 ice dragon scales
Jewellery
 a - a +4 ring of evasion
 c - the amulet of the Heavens {rPois Regen+ Dex+2}
   (You took it off an ogre mage on level 11 of the Dungeon)

   [amulet of regeneration]

   Dex:       It affects your dexterity (+2).
   rPois:     It protects you from poison.
   Regen:     It increases your rate of health regeneration.
 e - the ring of Lieduw {Dex+7 SInv}
   (You found it on level 11 of the Dungeon)

   [ring of see invisible]

   Dex:       It affects your dexterity (+7).
   SInv:      It lets you see invisible.
 f - the amulet of Elemental Vulnerability (around neck) {rPois rF-- rC-- AC+8}
   (You found it on level 2 of the Dungeon)

   [amulet of nothing]

   AC:        It affects your AC (+8).
   rF:        It makes you very vulnerable to fire.
   rC:        It makes you very vulnerable to cold.
   rPois:     It protects you from poison.
 o - an amulet of reflection
 u - the ring of Loin {*Corrode rElec Dex+6 Slay+2}
   (You found it on level 11 of the Dungeon)

   [ring of dexterity]

   Dex:       It affects your dexterity (+6).
   Slay:      It affects your accuracy & damage with ranged weapons and melee
   (+2).
   rElec:     It insulates you from electricity.
   *Corrode:  It may corrode you when you take damage.
 D - a +6 ring of strength (right hand)
 E - a +4 ring of protection (left hand)
 G - the amulet "Gaumuypole" {Harm *Corrode rElec Regen+ Int+5}
   (You found it on level 11 of the Dungeon)

   [amulet of regeneration]

   Int:       It affects your intelligence (+5).
   rElec:     It insulates you from electricity.
   Regen:     It increases your rate of health regeneration.
   *Corrode:  It may corrode you when you take damage.
   Harm:      It increases damage dealt and taken.
Wands
 w - a wand of digging (5)
 I - a wand of flame (36)
 L - a wand of iceblast (9)
 O - a wand of mindburst (12)
 T - a wand of light (7)
 W - a wand of paralysis (15)
Scrolls
 b - 3 scrolls of fear
 i - 4 scrolls of silence
 j - 6 scrolls of poison
 n - a scroll of magic mapping
 p - 2 scrolls of amnesia
 s - 2 scrolls of enchant weapon
 x - 2 scrolls of immolation
 C - 9 scrolls of teleportation
 S - a scroll of torment
 U - 2 scrolls of blinking
 X - 4 scrolls of identify
Potions
 l - 6 potions of flight
 m - 10 potions of curing
 t - a potion of cancellation
 z - 3 potions of invisibility
 A - 4 potions of attraction
 B - 2 potions of haste
 K - 4 potions of brilliance


   Skills:
 * Level 12.4(17.4) Fighting
 - Level 9.7(14.7) Long Blades
 - Level 8.0(13.5) Axes
 + Level 4.2(13.2) Polearms
 * Level 7.4(12.9) Staves
 * Level 12.8(17.8) Armour
 + Level 5.4(10.4) Dodging
 + Level 1.2(6.2) Stealth
 + Level 7.3(12.3) Shields
 * Level 3.1 Invocations
 * Level 7.2 Evocations


You had 11 spell levels left.
You didn't know any spells.
Your spell library contained the following spells:

 Spells                   Type           Power      Damage    Failure   Level
 Ensorcelled Hibernation  Hex/Ice        0%         N/A       91%         2
 Passwall                 Tmut/Erth      0%         N/A       91%         2
 Swiftness                Air            0%         N/A       99%         3
 Anguish                  Hex/Necr       0%         N/A       100%        4
 Passage of Golubria      Tloc           0%         N/A       100%        4
 Fireball                 Conj/Fire      0%         3d3       100%        5
 Silence                  Hex/Air        0%         N/A       100%        5
 Starburst                Conj/Fire      0%         6d3       100%        6
 Enfeeble                 Hex            0%         N/A       100%        7
 Ignition                 Fire           0%         3d3       100%        8
 Lehudib's Crystal Spear  Conj/Erth      0%         10d2      100%        8


Dungeon Overview and Level Annotations

Branches:
Dungeon (12/15)            Temple (1/1) D:5            Lair (0/5) D:11
    Orc (1/2) D:10          Sewer (visited)          Bailey (visited)

Altars:
Ashenzari
Cheibriados
Dithmenos
Elyvilon
Fedhas
Gozag
Hepliaklqana
Kikubaaqudgha
Makhleb
Nemelex Xobeh
Okawaru
Qazlal
Ru
Sif Muna
Trog
Uskayaw
Vehumet
Wu Jian
Xom
Yredelemnul
Zin
The Shining One

Shops:
D:3 *   D:6 [   D:7 *   D:10 :   D:11 *

Annotations:
D:11 exclusion: oklob plant
D:12 2 transporters, RascalDebosk's ghost, journeyman DjCj


Innate Abilities, Weirdness & Mutations

You have a pair of horns on your head.
You reflexively headbutt those who attack you in melee.
You are partially covered in iridescent scales. (AC +2)
You occasionally shout uncontrollably at your foes.
You are occasionally teleported next to monsters.


Message History

The orc sorcerer hits you with a +4 dagger.
* * * LOW HITPOINT WARNING * * *
You closely miss the orc sorcerer. Your headbutt misses the orc sorcerer.
The orc sorcerer is lightly wounded.
The orc priest miscasts a cantrip.
An orc comes into view. It is wielding a +0 club.
You yell at the orc!
The orc hits you with a +0 hand axe.
* * * LOW HITPOINT WARNING * * *
The orc priest hits you but does no damage.
The orc warrior barely misses you. The orc hits you but does no damage.
The orc sorcerer hits you but does no damage.
You hear a shout! x3
You feel much better. Something hits you but does no damage.
The orc hits you but does no damage.
The orc priest hits you but does no damage.
The orc priest barely misses you. The orc warrior completely misses you.
The orc hits you but does no damage. The orc sorcerer casts a spell at you.
The bolt of fire hits you. The fire burns you terribly!
* * * LOW HITPOINT WARNING * * *
The bolt of fire hits the orc!!!
The orc dies!
You gain the combat prowess of a mighty hero.
Something hits you but does no damage. The orc priest barely misses you.
You furiously retaliate!
You headbutt the orc priest!
You kill the orc priest!
Okawaru accepts your kill.
The orc priest mumbles some strange prayers to Beogh against you.
You resist with significant effort. The orc warrior barely misses you.
The orc hits you but does no damage.
The orc sorcerer hits you but does no damage.
You bludgeon the orc sorcerer!! You headbutt the orc sorcerer!
The orc sorcerer is almost dead.
The orc priest barely misses you. Something hits you but does no damage.
The orc warrior hits you with a +0 glaive.
* * * LOW HITPOINT WARNING * * *
The orc barely misses you. You furiously retaliate!
You headbutt the orc.
The orc sorcerer gestures at you while chanting.
The bolt of fire hits you!! The fire burns you terribly!
You die...

### ...# ###
#....
##.##.....
#.........
#oo).....
#<@oo#
#.)o{.o...
#..........
#$..........
..#..........
8.....#.......
.8$...........


You could see an orc sorcerer, 2 orc warriors, an orc priest and 2 orcs.

Vanquished Creatures
  A hydra (D:12)
  A boulder beetle (D:11)
  A centaur warrior (D:11)
  A radroach (shapeshifter) (D:11)
  An ogre mage (D:11)
  2 two-headed ogres
  Amaemon (D:9)
  Lodul (D:12)
  A swamp dragon (shapeshifter) (D:11)
  3 orc knights
  Pikel (D:9)
  An orc sorcerer (Bailey)
  2 ugly things
  A manticore (D:12)
  3 cyclopes
  Joseph (D:7)
  An orange demon (D:9)
  A komodo dragon (D:12)
  A gargoyle (D:12)
  An unseen horror (D:12)
  A yaktaur (D:11)
  3 kobold demonologists
  4 trolls
  Prince Ribbit (D:7)
  A centaur simulacrum (D:11)
  2 wraiths (D:11)
  11 yaks
  2 vampires
  Grum (D:9)
  A steam dragon (D:10)
  2 vampire mosquitoes (D:12)
  A swamp worm (shapeshifter) (D:11)
  An acid dragon (D:11)
  2 water moccasins
  2 ice beasts
  13 orc warriors
  2 sky beasts
  A black bear (D:5)
  8 ogres
  4 wolves (D:9)
  2 centaurs
  4 lemures (D:9)
  2 phantoms
  3 kobold brigands
  A scorpion (D:5)
  6 bullfrogs
  2 necrophages
  7 wights
  6 killer bees (D:8)
  4 electric eels (Bailey)
  4 howler monkeys
  2 jellies
  6 hounds
  8 orc priests
  Terence (D:2)
  4 iguanas
  5 orc wizards
  11 gnolls
  14 adders
  6 river rats
  A shadow imp (D:6)
  2 white imps (D:7)
  9 worms
  3 dart slugs
  44 orcs
  17 ball pythons
  10 endoplasms
  6 giant cockroaches
  16 goblins
  12 hobgoblins
  2 jackals (Sewer)
  12 quokkas
  13 bats
  2 frilled lizards (D:2)
  20 kobolds
  6 rats
362 creatures vanquished.

Vanquished Creatures (collateral kills)
  A bullfrog (D:7)
  A gnoll bouda (D:7)
  A gnoll (D:7)
  A shadow imp (D:7)
  A ball python (D:2)
  A kobold (D:2)
6 creatures vanquished.

Vanquished Creatures (others)
  2 orcs (Orc:1)
2 creatures vanquished.

Grand Total: 370 creatures vanquished

Notes
Turn   | Place    | Note
-------+----------+-------------------------------------------
     0 | D:1      | Icepheonix32 the Minotaur Fighter began the quest for the
                  | Orb.
     0 | D:1      | Reached XP level 1. HP: 19/19 MP: 0/0
   173 | D:1      | Reached XP level 2. HP: 23/27 MP: 1/1
   350 | D:1      | Found a faded altar of an unknown god.
   961 | D:2      | Found the amulet of Elemental Vulnerability {rPois rF--
                  | rC-- AC+8}
   971 | D:2      | Reached XP level 3. HP: 33/33 MP: 2/2
  1188 | D:2      | Noticed Terence
  1194 | D:2      | Killed Terence
  1195 | D:2      | Reached XP level 4. HP: 37/40 MP: 3/3
  1584 | D:3      | Found Vemum's General Store.
  1591 | D:3      | Bought a scroll of poison for 52 gold pieces
  1591 | D:3      | Bought a scroll of identify for 26 gold pieces
  2108 | D:4      | Reached XP level 5. HP: 45/47 MP: 4/4
  2326 | D:4      | Reached skill level 5 in Armour
  2326 | D:4      | Reached skill level 1 in Dodging
  2457 | D:4      | Reached skill level 5 in Fighting
  2457 | D:4      | Reached XP level 6. HP: 52/56 MP: 5/5
  2964 | D:5      | Entered Level 5 of the Dungeon
  2964 | D:5      | Noticed a sky beast
  2981 | D:5      | Killed a sky beast
  3223 | D:5      | Found a basalt altar of Yredelemnul.
  3225 | D:5      | Found a staircase to the Ecumenical Temple.
  3241 | D:5      | Reached XP level 7. HP: 52/61 MP: 6/6
  3249 | Temple   | Entered the Ecumenical Temple
  3593 | D:5      | Reached skill level 5 in Long Blades
  3743 | D:5      | Reached skill level 5 in Shields
  4461 | D:6      | Found a glowing drain.
  4479 | D:6      | Reached XP level 8. HP: 63/70 MP: 7/7
  4491 | Sewer    | Entered a sewer
  5256 | Sewer    | Identified a scroll of acquirement
  5256 | Sewer    | Acquired 487 gold pieces
  5332 | D:6      | Found Menoaso's Armour Boutique.
  5335 | D:6      | Bought a +0 pair of gloves of infusion for 149 gold pieces
  5445 | D:6      | Reached skill level 1 in Polearms
  6536 | D:6      | Found a glowing golden altar of the Shining One.
  6867 | D:7      | Noticed Joseph
  6889 | D:7      | Killed Joseph
  6890 | D:7      | Reached XP level 9. HP: 22/79 MP: 0/8
  7222 | D:7      | Found a bloodstained altar of Trog.
  7230 | D:7      | Found Wagofysu's Lightly-Used Armoury.
  7246 | D:7      | Noticed Prince Ribbit
  7270 | D:7      | Killed Prince Ribbit
  7796 | D:7      | Gained mutation: You are occasionally teleported next to
                  | monsters. [potion of mutation]
  7796 | D:7      | Gained mutation: You occasionally shout uncontrollably at
                  | your foes. [potion of mutation]
  7796 | D:7      | Gained mutation: You are partially covered in iridescent
                  | scales. (AC +2) [potion of mutation]
  7875 | D:8      | Reached skill level 1 in Stealth
  8412 | D:8      | You fall into a shaft and drop 1 floor!
  8412 | D:9      | Found a hide-covered altar of Uskayaw.
  8414 | D:9      | Noticed a troll
  8415 | D:9      | Noticed Pikel
  8448 | D:9      | Killed a troll
  8460 | D:9      | Killed Pikel
  8461 | D:9      | Reached XP level 10. HP: 80/91 MP: 0/9
  8515 | D:9      | Found a flagged portal.
  8525 | D:9      | Noticed Amaemon
  8531 | D:9      | Identified the +6 hand axe of Ignis's Displeasure {vorpal,
                  | Fly rF+ rN+ Str-2}
  8531 | D:9      | Noticed an orange demon
  8535 | Bailey   | Entered a bailey
  8814 | Bailey   | Acquired a manual of Evocations
  8887 | Bailey   | Reached skill level 1 in Evocations
  9076 | Bailey   | Noticed an orc knight
  9106 | Bailey   | Killed an orc knight
  9107 | Bailey   | Reached skill level 10 in Fighting
  9378 | Bailey   | Noticed an orc knight
  9394 | Bailey   | Reached skill level 5 in Axes
  9417 | Bailey   | Killed an orc knight
  9631 | Bailey   | Found an iron altar of Okawaru.
  9640 | Bailey   | Became a worshipper of Warmaster Okawaru
  9792 | Bailey   | Noticed an orc sorcerer
  9793 | Bailey   | Noticed a sun demon
  9809 | Bailey   | Killed an orc sorcerer
  9891 | D:9      | Killed Amaemon
  9891 | D:9      | Reached * piety under Okawaru
  9895 | D:9      | Killed an orange demon
  9895 | D:9      | Noticed Grum
  9896 | D:9      | Reached skill level 10 in Armour
  9900 | D:9      | Reached XP level 11. HP: 88/101 MP: 1/10
  9907 | D:9      | Killed Grum
 10638 | D:3      | Bought a wand of iceblast (10) for 312 gold pieces
 10638 | D:3      | Bought a scroll of torment for 123 gold pieces
 10964 | D:8      | Found an iron altar of Okawaru.
 11208 | D:8      | Found a hazy altar of Hepliaklqana.
 11208 | D:8      | Found a broken altar of Ashenzari.
 11212 | D:8      | Found a shadowy altar of Dithmenos.
 11295 | D:10     | Entered Level 10 of the Dungeon
 11461 | D:10     | Reached ** piety under Okawaru
 11561 | D:10     | Found a staircase to the Orcish Mines.
 12395 | D:10     | Found Biguax's Book Boutique.
 12404 | D:10     | Found a blossoming altar of Fedhas.
 12591 | D:11     | Noticed a two-headed ogre
 12607 | D:11     | Killed a two-headed ogre
 12608 | D:11     | Reached skill level 5 in Evocations
 12614 | D:11     | Reached *** piety under Okawaru
 12772 | D:11     | Noticed a red ugly thing
 12784 | D:11     | Killed a red ugly thing
 12785 | D:11     | Reached skill level 5 in Dodging
 13104 | D:11     | Found a staircase to the Lair.
 13104 | D:11     | Noticed an oklob plant
 13152 | D:11     | Found Soxubb's General Store.
 13167 | D:11     | Bought a potion of heal wounds for 70 gold pieces
 13373 | D:11     | Found a shimmering altar of Xom.
 13373 | D:11     | Found a shimmering altar of Xom.
 13373 | D:11     | Found a shimmering altar of Xom.
 13373 | D:11     | Found a shimmering altar of Xom.
 13373 | D:11     | Found a shimmering altar of Xom.
 13373 | D:11     | Noticed a broodmother
 13373 | D:11     | Noticed a glowing orange brain
 13374 | D:11     | Found a shimmering altar of Xom.
 13375 | D:11     | Noticed an ice dragon
 13375 | D:11     | a broodmother changed into an ice dragon
 13444 | D:11     | Found the +7 staff of the Meek {protect, meekguard}
 13498 | D:11     | Reached **** piety under Okawaru
 13915 | D:11     | Noticed a deep troll
 13915 | D:11     | Noticed a radroach
 13918 | D:11     | a deep troll changed into a swamp worm
 13929 | D:11     | Killed a radroach
 13930 | D:11     | Reached skill level 1 in Staves
 13930 | D:11     | Reached skill level 1 in Invocations
 14147 | D:12     | Noticed a red ugly thing
 14153 | D:12     | Killed a red ugly thing
 14350 | D:12     | Noticed a six-headed hydra
 14356 | D:12     | Killed a six-headed hydra
 14375 | D:12     | Reached XP level 12. HP: 63/112 MP: 7/12
 14526 | D:12     | Noticed a two-headed ogre
 14535 | D:12     | Killed a two-headed ogre
 14538 | D:12     | Reached ***** piety under Okawaru
 14796 | D:11     | Noticed a centaur warrior
 14801 | D:11     | Noticed a boulder beetle
 14807 | D:11     | Killed a centaur warrior
 14829 | D:11     | Identified the amulet of the Heavens {rPois Regen+ Dex+2}
 14829 | D:11     | Noticed an ogre mage
 14831 | D:11     | Reached skill level 5 in Staves
 14843 | D:11     | Paralysed by something for 3 turns
 14855 | D:11     | Killed an ogre mage
 14864 | D:11     | Killed a boulder beetle
 15058 | D:11     | Identified the amulet "Gaumuypole" {Harm *Corrode rElec
                  | Regen+ Int+5}
 15064 | D:11     | Identified the ring of Loin {*Corrode rElec Dex+6 Slay+2}
 15076 | D:11     | Identified the ring of Lieduw {Dex+7 SInv}
 15283 | D:12     | Found a transporter.
 15303 | D:12     | Found a transporter.
 15303 | D:12     | Noticed a vampire knight
 15304 | D:12     | Noticed a death knight
 15304 | D:12     | Noticed RascalDebosk's ghost (journeyman DjCj)
 15307 | D:12     | Noticed Lodul
 15331 | D:12     | Killed Lodul
 16510 | Orc:1    | Entered Level 1 of the Orcish Mines
 16526 | Orc:1    | Killed from afar by an orc sorcerer

Illustrated notes

Levels and vault maps discovered:
D:1:      dpeg_arrival_lava_temple_mockup, layout_loops_corners,
          chequers_ecumenical_altar_simple
D:2:      layout_rooms, minmay_between, uniq_terence
D:3:      layout_rooms, serial_shops, shop, minmay_box_of_dots
D:4:      layout_gridville
D:5:      layout_basic, yredelemnul_altar_generic,
          minmay_temple_entry_butterflies
D:6:      layout_layer_cave, lemuel_coloured_pillars_altar,
          portal_sewer_entry_c, serial_shops, nicolae_shop_behind_doors,
          grunt_decor_junction
D:7:      layout_basic, lemuel_crystal_altar, grunt_ministairs_14, st_stairs_2,
          minmay_shop_damaged, uniq_joseph, uniq_prince_ribbit1
D:8:      layout_rooms, okawaru_altar_gauntlet_db, minitemple, serial_rivers,
          chequers_serial_rivers_large_a, chequers_serial_rivers_large_b,
          chequers_serial_rivers_room_a, chequers_serial_rivers_room_b
D:9:      layout_layer_cave, nicolae_uskayaw_murder_on_the_dancefloor,
          enter_bailey_2, uniq_grum, uniq_amaemon, uniq_pikel
D:10:     layout_gridville, fedhas_altar_2, david_orc_5, serial_shops,
          nicolae_shop_stone, nicolae_titane
D:11:     minmay_the_grid_triangle_9x9_rhombus_full
          [minmay_the_grid_triangle_9x9_sprig,
          minmay_the_grid_triangle_9x9_windchime,
          minmay_the_grid_triangle_9x9_dagger,
          minmay_the_grid_triangle_9x9_longest,
          minmay_the_grid_triangle_9x9_intruding_spiral,
          minmay_the_grid_triangle_9x9_odd_lines,
          minmay_the_grid_triangle_9x9_descending_squares,
          minmay_the_grid_triangle_9x9_prize_special], layout_rooms,
          dpeg_oklobed_lair, serial_shops, nicolae_shop_hallway_plus,
          xom_shifter_show
D:12:     layout_basic, gammafunk_ghost_mausoleum, uniq_lodul
Temple:   nicolae_temple_bog_church
Orc:1:    layout_caves, serial_shops, nicolae_diamond_shop,
          guppyfry_library_mini, uniq_maurice

Skill      XL: |  1  2  3  4  5  6  7  8  9 10 11 12 |
---------------+-------------------------------------+-----
Armour         | 4 5 6 7 8 10 11 12 | 12.8
Fighting       | 4 5 7 9 10 11 12 | 12.4
Axes           | 3 4 6 8 |  8.0
Shields        | 4 5 6 7 |  7.3
Long Blades    | 2 4 6 7 9 |  9.7
Dodging        | 1 2 3 4 5 |  5.4
Polearms       | 4 |  4.2
Stealth        | 1 |  1.2
Evocations     | 4 6 7 |  7.2
Staves         | 2 7 |  7.4
Invocations    | 1 3 |  3.1

Action                   |  1- 3 |  4- 6 |  7- 9 | 10-12 || total
-------------------------+-------+-------+-------+-------++-------
Melee: War axe           |    60 |    61 |       |       ||   121
       Headbutt          |    15 |    22 |    45 |   103 ||   185
       Long sword        |       |   104 |   255 |   131 ||   490
       Trident           |       |       |   105 |       ||   105
       Spear             |       |       |     6 |       ||     6
       Hand axe          |       |       |       |   195 ||   195
       Quarterstaff      |       |       |       |   154 ||   154
Invok: Heroism           |       |       |       |     4 ||     4
Evoke: Wand              |       |       |     3 |    14 ||    17
  Use: Scroll            |     2 |     2 |    19 |     5 ||    28
       Potion            |       |     1 |    11 |     7 ||    19
 Stab: Paralysed         |       |       |     3 |       ||     3
Armor: Scale mail        |    22 |    99 |   189 |       ||   310
       Skin              |       |       |    31 |    14 ||    45
       Chain mail        |       |       |    11 |   385 ||   396
Dodge: Dodged            |    29 |    68 |   175 |   256 ||   528
Block: Buckler           |    13 |    47 |    95 |    78 ||   233
